Map: Frost LE

Players

Fropez

  • Race: Protoss Protoss
  • League: Silver
  • Spawn Location: 11:00

NwRunner - Winner!

  • Race: Protoss Protoss
  • League: Silver
  • Spawn Location: 5:00

VOD

Have the link to the VOD?

Description

Time

  • Played on: July 6, 2016, 10:40 a.m.
  • Length: 15:19
Show
View Real Time Build Order
Export as new Build Order

Fropez Protoss 

Build Orders:  

Get SALT Encoding   

  12  0:01  Probe (Chrono Boost)  
  13  0:15  Pylon  
  14  0:21  Probe (Chrono Boost)  
  14  0:32  Probe (Chrono Boost)  
  15  0:38  Gateway  
  15  0:42  Probe (Chrono Boost)  
  16  0:48  Assimilator  
  16  0:53  Probe (Chrono Boost)  
  17  1:05  Pylon, Probe (Chrono Boost)  
  19  1:25  Gateway  
  18  1:28  Cybernetics Core  
  18  1:31  Probe (Chrono Boost)  
  19  1:40  Pylon  
  19  1:42  Probe (Chrono Boost)  
  20  1:52  Probe (Chrono Boost)  
  21  2:03  Probe (Chrono Boost)  
  21  2:05  Warp Gate (Chrono Boost)  
  22  2:09  Gateway  
  22  2:13  Probe (Chrono Boost)  
  23  2:16  Adept  
  23  2:22  Pylon  
  25  2:28  Pylon  
  25  2:34  Adept  
  27  2:47  Forge  
  27  2:49  Assimilator  
  28  2:58  Probe (Chrono Boost)  
  28  3:03  Adept  
  29  3:09  Mothership Core (Chrono Boost)  
  29  3:11  Adept  
  33  3:48  Protoss Ground Weapons Level 1 (Chrono Boost)  
  33  4:03  Nexus  
  33  4:05  Probe  
  29  4:17  Probe  
  30  4:25  Adept x3  
  30  4:29  Probe  
  37  4:41  Probe  
  38  5:04  Pylon  
  38  5:05  Probe  
  39  5:07  Pylon  
  39  5:11  Pylon  
  39  5:12  Photon Cannon  
  39  5:13  Probe  
  39  5:15  Assimilator  
  39  5:18  Assimilator  
  40  5:27  Pylon  
  40  5:54  Pylon  
  40  5:57  Probe x2, Photon Cannon  
  40  5:59  Gateway  
  42  6:10  Probe x2  
  43  6:11  Twilight Council  
  44  6:22  Adept x2  
  44  6:23  Adept  
  50  6:38  Gateway  
  50  6:39  Probe  
  50  6:40  Probe  
  50  6:44  Photon Cannon  
  50  6:47  Gateway  
  52  6:50  Probe  
  52  6:51  Blink (Chrono Boost)  
  52  7:02  Probe  
  52  7:07  Protoss Ground Weapons Level 2 (Chrono Boost)  
  53  7:12  Probe  
  54  7:20  Stalker x2  
  58  7:26  Stalker  
  60  7:35  Stalker x2  
  64  7:38  Probe  
  64  7:41  Probe  
  66  7:50  Probe  
  67  7:57  Stalker x2  
  71  8:07  Stalker  
  71  8:08  Stalker  
  75  8:18  Stalker  
  75  8:19  Stalker  
  79  8:39  Stalker  
  79  8:40  Stalker x2  
  83  8:57  Stalker  
  83  8:58  Stalker x2  
  63  9:24  Zealot x3  
  63  9:25  Zealot x3  
  63  10:01  Stalker x4  
  63  10:02  Stalker x2  
  73  10:12  Pylon  
  67  10:29  Adept  
  67  11:05  Stargate  
  67  11:07  Stargate  
  67  11:10  Probe  
  67  11:11  Pylon  
  68  11:18  Gateway  
  68  11:22  Stalker x3  
  74  11:28  Nexus  
  74  11:39  Probe  
  76  11:40  Probe  
  76  11:50  Phoenix  
  76  11:51  Phoenix, Probe  
  81  11:55  Pylon  
  104  12:15  Phoenix  
  81  12:16  Phoenix  
  81  12:18  Protoss Air Weapons Level 1  
  81  12:21  Pylon, Assimilator  
  85  12:23  Pylon  
  85  12:24  Assimilator  
  85  12:34  Probe x2  
  87  12:52  Phoenix x2  
  91  13:05  Stalker  
  91  13:06  Stalker x4  
  101  13:17  Phoenix  
  101  13:21  Phoenix  
  103  13:31  Stalker x4  
  111  13:43  Phoenix  
  111  13:46  Phoenix  
  103  13:59  Zealot  
  103  14:00  Zealot x4  
  57  14:25  Stalker  
  57  14:26  Stalker x5  
  58  14:47  Phoenix x2  
Show
View Real Time Build Order
Export as new Build Order

NwRunner Protoss - Winner!

Build Orders: 1 Gate Expand 

Get SALT Encoding   

  12  0:01  Probe (Chrono Boost)  
  13  0:12  Probe (Chrono Boost)  
  14  0:18  Pylon  
  14  0:23  Probe (Chrono Boost)  
  15  0:37  Gateway  
  15  0:39  Probe (Chrono Boost)  
  16  0:54  Assimilator  
  16  0:55  Probe (Chrono Boost)  
  17  1:07  Probe (Chrono Boost)  
  18  1:23  Nexus  
  18  1:26  Probe (Chrono Boost)  
  19  1:37  Probe (Chrono Boost)  
  20  1:41  Cybernetics Core  
  20  1:50  Pylon  
  20  1:52  Probe (Chrono Boost)  
  21  2:11  Probe (Chrono Boost)  
  22  2:17  Stalker  
  22  2:21  Probe (Chrono Boost)  
  25  2:23  Warp Gate  
  25  2:25  Assimilator  
  25  2:32  Probe (Chrono Boost)  
  26  3:07  Assimilator  
  26  3:10  Stalker  
  28  3:18  Mothership Core (Chrono Boost)  
  30  3:25  Gateway x2  
  30  3:29  Forge  
  30  3:35  Pylon  
  30  3:49  Stalker  
  28  4:18  Probe x2 (Chrono Boost)  
  28  4:21  Protoss Ground Weapons Level 1  
  30  4:28  Probe x2 (Chrono Boost)  
  30  4:30  Pylon  
  32  4:37  Pylon  
  32  4:43  Gateway  
  32  4:45  Gateway  
  32  4:55  Probe x2 (Chrono Boost)  
  34  5:05  Stargate  
  34  5:06  Probe x2 (Chrono Boost)  
  36  5:10  Assimilator  
  36  5:16  Probe x2 (Chrono Boost), Stalker  
  36  5:17  Stalker  
  42  5:33  Probe x2 (Chrono Boost)  
  44  5:44  Probe x2 (Chrono Boost)  
  46  5:55  Probe (Chrono Boost)  
  46  5:56  Probe (Chrono Boost)  
  48  5:58  Void Ray (Chrono Boost)  
  48  6:02  Protoss Air Weapons Level 1  
  52  6:08  Twilight Council, Probe  
  53  6:13  Probe  
  53  6:16  Stalker x4  
  62  6:20  Probe  
  62  6:24  Probe  
  64  6:28  Protoss Ground Armor Level 1  
  64  6:46  Probe  
  64  6:48  Probe  
  64  6:50  Void Ray (Chrono Boost)  
  70  7:03  Robotics Facility  
  70  7:11  Pylon  
  70  7:14  Pylon  
  70  7:17  Pylon  
  70  7:33  Void Ray (Chrono Boost)  
  74  7:55  Stalker x2  
  74  7:56  Stalker  
  80  8:08  Probe  
  80  8:10  Probe  
  82  8:14  Observer  
  82  8:15  Charge  
  83  8:21  Protoss Ground Weapons Level 2 (Chrono Boost)  
  83  8:22  Probe  
  82  9:16  Probe  
  78  9:17  Probe  
  76  9:26  Void Ray  
  76  9:27  Probe  
  76  9:30  Probe  
  82  9:35  Zealot x5  
  76  10:18  Void Ray  
  80  10:30  Stalker x4  
  80  10:34  Nexus  
  88  10:36  Pylon  
  87  11:13  Nexus  
  87  11:14  Pylon  
  87  11:20  Stalker x2  
  87  11:21  Stalker x3  
  87  11:22  Pylon  
  87  11:23  Void Ray  
  101  11:36  Gateway  
  101  11:38  Stargate  
  101  11:42  Probe  
  101  11:43  Probe  
  101  11:45  Pylon, Assimilator  
  103  11:47  Stalker  
  103  11:49  Zealot x2  
  103  11:51  Blink  
  103  11:53  Immortal  
  113  11:54  Assimilator  
  113  12:06  Void Ray  
  117  12:08  Stargate  
  117  12:11  Stargate  
  117  12:14  Gateway  
  117  12:15  Probe  
  117  12:17  Probe  
  119  12:26  Probe  
  119  12:29  Probe  
  121  12:31  Stalker x2  
  121  12:32  Stalker x3  
  131  12:41  Pylon, Probe  
  131  12:43  Pylon  
  132  12:49  Void Ray  
  136  12:52  Void Ray  
  140  12:59  Void Ray  
  144  13:17  Photon Cannon  
  144  13:29  Zealot x2  
  144  13:30  Zealot  
  144  13:32  Void Ray  
  132  15:06  Probe x2  
  144  15:12  Stalker x5  
Tags
 
Matchup
PvP
Replay Pack
All Mines
Spawn Locations
Cross Positions
Add a new tag
Caveats
  • Supply blocks, unpowered buildings, or Contaminate may cause inaccurate times.
  • Supply counts are checked every 10 seconds.